 Dungeon Crawl Stone Soup version 0.23.0 (webtiles) character file.

Game seed: 3198493172734724292

0 Gargoyl the Skirmisher (level 1, -4/19 HPs)
             Began as a Centaur Abyssal Knight on Feb 9, 2019.
             Was a Follower of Lugonu.
             Slain by a thrashing horror (7 damage)
             ... on level 1 of the Abyss.
             The game lasted 00:00:28 (134 turns).

Gargoyl the Skirmisher (Centaur Abyssal Knight)      Turns: 134, Time: 00:00:28

Health: -4/19      AC:  4    Str: 14    XL:     1   Next: 0%
Magic:  2/2        EV:  9    Int: 11    God:    Lugonu [*.....]
Gold:   9          SH:  0    Dex:  8    Spells: 0/0 levels left

rFire    . . .     SeeInvis .   a - +1 hand axe
rCold    . . .     Gourm    .   (no shield)
rNeg     . . .     Faith    .   b - +0 leather armour
rPois    .         Spirit   .   (no helmet)
rElec    .         Reflect  .   (no cloak)
rCorr    .         Harm     .   (no gloves)
MR       .....                  (no barding)
Stlth    ..........             (no amulet)
HPRegen  0.06/turn              (no ring)
MPRegen  0.08/turn              (no ring)

@: very quick
A: large, hooves 3, deformed body, speed 2, low mp 1, tough skin 3, no potion
heal 1
a: Depart the Abyss, Renounce Religion


You were on level 1 of the Abyss.
You worshipped Lugonu.
Lugonu was aware of your devotion.
You were not hungry.

You visited 0 branches of the dungeon, and saw 0 of its levels.
You visited the Abyss 1 time.

You collected 9 gold pieces.

Inventory:

Hand Weapons
 a - a +1 hand axe (weapon)
Armour
 b - a +0 leather armour (worn)
Comestibles
 c - a ration


   Skills:
 + Level 3.0 Fighting
 + Level 1.7 Axes
 + Level 1.3 Armour
 + Level 0.6 Dodging
 + Level 2.0 Invocations


You couldn't memorise any spells.
You didn't know any spells.
Your spell library was empty.

Dungeon Overview and Level Annotations

Branches:
Dungeon (0/15)

Altars:


Innate Abilities, Weirdness & Mutations

You have hooves in place of feet.
Armour fits poorly on your strangely shaped body.
You cover ground very quickly.
You have extremely tough skin. (AC +3)
Your magical capacity is low. (-10% MP)
Potions are less effective at restoring your health.


Message History

Your system partially rejects the healing effects of potions.
The thrashing horror tramples you!
Ouch! That really hurt!
You hold your ground!
The thrashing horror barely misses you.
The thrashing horror tramples you but does no damage.
The thrashing horror tramples you.
* * * LOW HITPOINT WARNING * * *
You stumble backwards!
A hell knight comes into view. It is wielding a +1 war axe of flaming.
Unknown command.
The thrashing horror roars!
The thrashing horror barely misses you. The thrashing horror misses you.
A thrashing horror comes into view.
The thrashing horror completely misses you.
The thrashing horror tramples you but does no damage.
The hell knight moves out of view.
An iron imp comes into view.
The iron imp shouts!
The thrashing horror tramples you!
You die...

#. .p─.... .#.###..#
##.#####..##.#.#... .
..... ...... #..#.##.
#.... WL####.##. .#
..#.###.#.#.#.#.#.. ####
.5#..4.#...3..#...#
#....#.#......X.#.......
#....##.####.#.§.....#
#@X..# ## ###..###
#.####.##.#..#..# ##
#..##... .# #### # ..#
.#. ## # . ###§ .. #. .
#. .# #. # . .. . . .#
## ##. #.....


You could see a thrashing horror and an iron imp.

Vanquished Creatures (others)
  2 starspawn tentacles (Abyss:1)
2 creatures vanquished.

Notes
Turn   | Place    | Note
-------+----------+-------------------------------------------
     0 | Abyss:1  | Gargoyl the Centaur Abyssal Knight began the quest for the
                  | Orb.
     0 | Abyss:1  | Reached XP level 1. HP: 19/19 MP: 2/2
    84 | Abyss:1  | Noticed a large abomination
   117 | Abyss:1  | Noticed a neqoxec
   125 | Abyss:1  | Noticed a tentacled starspawn
   125 | Abyss:1  | Noticed a thrashing horror
   126 | Abyss:1  | Noticed an ancient lich
   126 | Abyss:1  | Noticed a flayed ghost
   126 | Abyss:1  | Gained mutation: Your magical capacity is low. (-10% MP) [a
                  | neqoxec]
   126 | Abyss:1  | Noticed an orange demon
   128 | Abyss:1  | Gained mutation: Potions are less effective at restoring
                  | your health. [a neqoxec]
   132 | Abyss:1  | Noticed a hell knight
   132 | Abyss:1  | Noticed a thrashing horror
   134 | Abyss:1  | Noticed an iron imp
   134 | Abyss:1  | Slain by a thrashing horror

Action                   || total
-------------------------++-------
  Use: Scroll            ||     1
       Potion            ||     1
Armor: Leather armour    ||     2
Dodge: Dodged            ||     4
